 Dungeon Crawl Stone Soup version 0.28.0-1-gb440e238dd (webtiles) character file.

Game seed: 429079694354375732

117 belegose the Skirmisher (level 5, -12/47 HPs)
             Began as a Hill Orc Abyssal Knight on Feb 23, 2022.
             Was a Believer of Lugonu.
             Mangled by a wyvern (15 damage)
             ... on level 4 of the Dungeon.
             The game lasted 00:05:54 (3974 turns).

belegose the Skirmisher (Hill Orc Abyssal Knight)   Turns: 3974, Time: 00:05:54

Health: -12/47     AC:  3    Str: 17 (18) XL:     5   Next: 1%
Magic:  7/7        EV:  6    Int:  8 (10) God:    Lugonu [**....]
Gold:   107        SH: 10    Dex: 10 (11) Spells: 4/4 levels left

rFire   . . .      SeeInvis .   a - +1 mace
rCold   . . .      Faith    .   k - +0 tower shield
rNeg    . . .      Spirit   .   d - +0 ring mail
rPois   .          Reflect  .   (no helmet)
rElec   .          Harm     .   (no cloak)
rCorr   .          Rampage  .   (no gloves)
Will    .....                   (no boots)
Stlth   ..........              (no amulet)
HPRegen 0.15/turn               (no ring)
MPRegen 0.10/turn               (no ring)

@: flying, hasted, very quick
A: deformed body
a: Renounce Religion, Depart the Abyss, Bend Space


You were on level 4 of the Dungeon.
You worshipped Lugonu.
Lugonu was pleased with you.
You visited 1 branch of the dungeon, and saw 4 of its levels.
You visited the Abyss 1 time.

You collected 107 gold pieces.

Inventory:

Hand Weapons
 a - a +1 mace (weapon)
Missiles
 g - 13 bolts
 i - 48 stones
Armour
 d - a +0 ring mail (worn)
 k - a +0 tower shield (worn)
Wands
 p - a wand of charming (1)
Scrolls
 b - a scroll of vulnerability {unknown}
 c - 4 scrolls of identify {unknown}
 e - a scroll of immolation {unknown}
 l - a scroll of amnesia {unknown}
 n - a scroll of magic mapping {unknown}
Potions
 m - a potion of attraction {unknown}
 o - a potion of might {unknown}
 q - a potion of flight


   Skills:
 + Level 4.5 Fighting
 + Level 3.2 Maces & Flails
 + Level 3.2 Armour
 - Level 0.7 Dodging
 + Level 1.1 Shields
 + Level 3.6 Invocations


You had 4 spell levels left.
You didn't know any spells.
Your spell library was empty.

Dungeon Overview and Level Annotations

Branches:
Dungeon (4/15)
 Temple: D:4-7

Altars:
Nemelex Xobeh
Vehumet

Shops:
D:3 !


Innate Abilities, Weirdness & Mutations

Armour fits poorly on your strangely shaped body.


Message History

Anything else - Cancel.
Retreat in which direction?
Press: ? - help, Dir - move target, p - wyvern Fall back!
There is a stone staircase leading up here.
You climb upwards.
There is a stone staircase leading down here.
Unknown command.
You start resting.
HP restored.
Unknown command.
You climb downwards.
There is a stone staircase leading up here.
You see here 12 gold pieces.
Okay, then.
You barely miss the wyvern. You block the wyvern's attack.
The wyvern bites you but does no damage.
The wyvern bites you!
You hit the wyvern.
The wyvern is moderately wounded.
You block the wyvern's attack. The wyvern bites you!
You hit the wyvern.
The wyvern is heavily wounded.
The wyvern bites you! You block the wyvern's attack.
The wyvern barely misses you. Space bends around you!
You blink.
The wyvern bites you.
It was a potion of flight.
You feel very buoyant.
You fly up into the air.
You block the wyvern's attack. x2
It was a potion of haste.
You feel yourself speed up. The wyvern bites you!
* * * LOW HITPOINT WARNING * * *
It was a potion of mutation.
You feel extremely strange.
Your body twists and deforms.
The wyvern hisses menacingly.
The wyvern barely misses you.
It was a potion of degeneration.
There was something very wrong with that liquid.
You feel weakened.
You feel dopey.
You feel clumsy. The wyvern bites you!
You die...

#............ #...........
.. ##.......... ..
#.......... .. # #......l..
.. # #........ .. ##
#.....).##################..
.## #....@l..............#
..## #...........<......$.#
#..##
##...#######...######.#
'#..## ##..### #.....# .#
###..## #..## #.....# .#
'#....####.## #.....# .#
#......##.## ##....# ..
.......#..# ###### ..
.........## #.


You could see a wyvern.

Vanquished Creatures
  A hound skeleton (D:4)
  2 adders (D:2)
  3 dart slugs
  2 orcs (D:3)
  5 endoplasms
  A giant cockroach (D:2)
  7 goblins
  7 hobgoblins
  6 jackals
  7 kobolds
  9 quokkas
  6 ball pythons
  6 bats
  3 frilled lizards
  8 rats
73 creatures vanquished.

Notes
Turn   | Place    | Note
-------+----------+-------------------------------------------
     0 | Abyss:1  | belegose the Hill Orc Abyssal Knight began the quest for
                  | the Orb.
     0 | Abyss:1  | Reached XP level 1. HP: 19/19 MP: 2/2
     5 | Abyss:1  | Noticed a necromancer
     5 | Abyss:1  | Noticed a dire elephant zombie
     5 | Abyss:1  | Noticed a shadow dragon simulacrum
     5 | D:1      | Escaped the Abyss
   279 | D:1      | Reached * piety under Lugonu
   280 | D:1      | Reached XP level 2. HP: 20/27 MP: 4/4
   701 | D:1      | Reached skill level 4 in Fighting
   707 | D:1      | Reached XP level 3. HP: 28/33 MP: 5/5
   945 | D:1      | Found a faded altar of an unknown god.
  1798 | D:2      | Reached XP level 4. HP: 24/40 MP: 6/6
  2185 | D:2      | Reached ** piety under Lugonu
  2703 | D:3      | Found Teicyeha's Distillery.
  3562 | D:3      | Reached skill level 1 in Shields
  3731 | D:4      | Found a radiant altar of Vehumet.
  3741 | D:4      | Reached XP level 5. HP: 47/47 MP: 7/7
  3773 | D:4      | Found a sparkling altar of Nemelex Xobeh.
  3797 | D:4      | Noticed a wyvern
  3962 | D:4      | HP: 1/47 [wyvern (14)]
  3973 | D:4      | Gained mutation: Armour fits poorly on your strangely
                  | shaped body. [potion of mutation]
  3974 | D:4      | Mangled by a wyvern

Illustrated notes

Levels and vault maps discovered:
D:1:      minmay_arrival_solitary_statue, layout_basic,
          chequers_ecumenical_altar_simple_redux, chequers_serial_rivers_micro_c
D:2:      layout_basic
D:3:      cheibrodos_helix_gallery, layout_loops_ring, serial_aquarium,
          aquarium_bridge_square [aquarium_subvault_bridge,
          aquarium_subvault_wall, aquarium_subvault_wall,
          aquarium_subvault_window], aquarium_window_fake, aquarium_window_fake,
          aquarium_view_2c, aquarium_view_2a, aquarium_pool_five, serial_shops,
          nicolae_shop_trees
D:4:      layout_cave_pods, nemelex_diamond_rough_becter,
          nicolae_vehumet_radiance, kennysheep_potato

Skill      XL: |  1  2  3  4 |
---------------+-------------+-----
Fighting       | 4 |  4.5
Invocations    | 3 |  3.6
Maces & Flails | 3 |  3.2
Armour         | 3 |  3.2
Shields        | 1 |  1.1
Dodging        | |  0.7

Action                   |  1- 3 |  4- 6 || total
-------------------------+-------+-------++-------
Melee: Mace              |   131 |    99 ||   230
       Punch             |     4 |       ||     4
Invok: Depart the Abyss  |     1 |       ||     1
       Bend Space        |       |     1 ||     1
Evoke: Wand              |       |     1 ||     1
  Use: Potion            |       |     4 ||     4
 Stab: Sleeping          |     1 |       ||     1
Armor: Leather armour    |    16 |       ||    16
       Ring mail         |    37 |    44 ||    81
Dodge: Dodged            |    74 |    33 ||   107
Block: Tower shield      |    18 |    64 ||    82
